 Dungeon Crawl Stone Soup version 0.24.0-2-g5b39cebb1c (webtiles) character file.

Game seed: 7692616409622385338, levelgen mode: deterministic

113131 tilp the Thaumaturge (level 16, 0/126 HPs)
             Began as a Gnoll Skald on Oct 29, 2019.
             Was the Champion of Cheibriados.
             Slain by a phantasmal warrior (17 damage)
             ... led by a death knight
             ... on level 15 of the Dungeon on Nov 1, 2019.
             The game lasted 01:34:13 (25735 turns).

tilp the Thaumaturge (Gnoll Skald)                 Turns: 25735, Time: 01:34:13

Health: 0/126      AC: 24    Str: 32    XL:     16   Next: 62%
Magic:  0/31       EV: 26    Int: 33    God:    Cheibriados [******]
Gold:   2101       SH:  0    Dex: 37    Spells: 6/38 levels left

rFire    . . .     SeeInvis .   a - +2 sword of Power
rCold    + . .     Gourm    .   (shield currently unavailable)
rNeg     . . .     Faith    .   W - +3 ring mail {rPois}
rPois    +         Spirit   +   X - +2 hat
rElec    .         Reflect  .   N - scarf {Spirit}
rCorr    .         Harm     .   q - +2 pair of gloves
MR       .....                  K - +2 pair of boots {Fly}
Stlth    +++++.....             T - amulet of guardian spirit
HPRegen  1.31/turn              j - ring "Romatyll" {rPois rC+ Dex+6}
MPRegen  0.22/turn              Y - +5 ring of protection

@: vulnerable, flying, regenerating, studying Ice Magic, very slow
A: distributed training, fangs 1, strong nose
a: Bend Time, Temporal Distortion, Slouch, Step From Time, Renounce Religion,
Stop Flying


You were on level 15 of the Dungeon.
You worshipped Cheibriados.
Cheibriados was exalted by your worship.
You were not hungry.

You visited 3 branches of the dungeon, and saw 23 of its levels.
You also visited: Gauntlet and Ice Cave.

You collected 2348 gold pieces.
You spent 247 gold pieces at shops.

Inventory:

Hand Weapons
 a - the +2 sword of Power (weapon)
   (You found it on level 9 of the Dungeon)
 U - the +8 demon trident "Rift" {distort, reach+}
   (You found it on level 9 of the Dungeon)

   It warps and distorts space around it.
   Unwielding it can cause banishment or high damage.
Missiles
 r - 17 silver javelins (quivered)
 F - 16 curare-tipped darts
 G - 8 throwing nets
Armour
 f - a +0 shield
 q - a +2 pair of gloves (worn)
 K - a +2 pair of boots of flying (worn)
 N - a scarf of spirit shield (worn)
 W - a +3 ring mail of poison resistance (worn)
 X - a +2 hat (worn)
Magical Staves
 L - an uncursed staff of wizardry
Jewellery
 j - the ring "Romatyll" (left hand) {rPois rC+ Dex+6}
   (You found it in an ice cave)

   [ring of poison resistance]

   It affects your dexterity (+6).
   It protects you from cold.
   It protects you from poison.
 y - an uncursed amulet of the acrobat
 O - an uncursed ring of protection from fire
 R - an uncursed ring of protection from cold
 S - an uncursed ring of resist corrosion
 T - an amulet of guardian spirit (around neck)
 Y - a +5 ring of protection (right hand)
Wands
 m - a wand of polymorph (5)
 n - a wand of iceblast (27)
 B - a wand of acid (17)
 D - a wand of disintegration (57)
 P - a wand of clouds (7)
 V - a wand of scattershot (10)
Scrolls
 d - 4 scrolls of enchant weapon
 h - 11 scrolls of remove curse
 i - 3 scrolls of enchant armour
 o - 6 scrolls of teleportation
 p - a scroll of silence
 t - 6 scrolls of amnesia
 E - a scroll of magic mapping
 M - 4 scrolls of blinking
 Q - 2 scrolls of fear
Potions
 b - a potion of magic {unknown}
 e - a potion of resistance {unknown}
 g - 6 potions of heal wounds
 k - 5 potions of ambrosia
 l - 3 potions of invisibility
 u - 8 potions of curing
 v - 6 potions of flight
 w - a potion of berserk rage {unknown}
 x - a potion of degeneration {unknown}
 A - a potion of cancellation {unknown}
 I - 2 potions of agility
 J - 3 potions of brilliance
 Z - a potion of mutation {unknown}
Books
 s - a manual of Ice Magic
Miscellaneous
 z - a phial of floods
 H - a sack of spiders
Comestibles
 c - 30 rations
 C - 7 chunks of flesh


   Skills:
 + Level 11.6 Fighting
 + Level 10.7 Short Blades
 + Level 10.7 Long Blades
 + Level 10.7 Axes
 + Level 10.7 Maces & Flails
 + Level 11.6 Polearms
 + Level 10.7 Staves
 + Level 10.7 Slings
 + Level 10.7 Bows
 + Level 10.7 Crossbows
 + Level 10.7 Throwing
 + Level 11.0 Armour
 + Level 11.6 Dodging
 + Level 10.7 Stealth
 + Level 10.7 Shields
 + Level 10.7 Unarmed Combat
 + Level 11.7 Spellcasting
 + Level 9.1 Conjurations
 + Level 9.1 Hexes
 + Level 10.6 Charms
 + Level 9.1 Summonings
 + Level 9.1 Necromancy
 + Level 9.1 Translocations
 + Level 9.1 Transmutations
 + Level 9.1 Fire Magic
 + Level 10.9 Ice Magic
 + Level 9.1 Air Magic
 + Level 9.1 Earth Magic
 + Level 9.1 Poison Magic
 + Level 11.6 Invocations
 + Level 10.7 Evocations


You had 6 spell levels left.
You knew the following spells:

 Your Spells              Type           Power        Failure   Level  Hunger
a - Infusion              Chrm           ####         1%          1    None
b - Song of Slaying       Chrm           ######..     1%          2    None
c - Shroud of Golubria    Chrm/Tloc      ######       1%          2    None
d - Regeneration          Chrm/Necr      ######....   1%          3    None
e - Spectral Weapon       Hex/Chrm       ######..     1%          3    None
f - Summon Ice Beast      Ice/Summ       ######..     1%          4    None
g - Throw Icicle          Conj/Ice       ######..     1%          4    None
h - Conjure Flame         Conj/Fire      ######..     1%          3    None
i - Mephitic Cloud        Conj/Pois/Air  ######..     1%          3    None
j - Bolt of Magma         Conj/Fire/Erth ######....   1%          5    #......
k - Animate Skeleton      Necr           N/A          1%          1    None
l - Apportation           Tloc           ######       1%          1    None

Your spell library contained the following spells:

 Spells                   Type           Power        Failure   Level  Hunger
 Confusing Touch          Hex            ######       1%          1    None
 Corona                   Hex            ######.      1%          1    None
 Freeze                   Ice            ####         1%          1    None
 Summon Small Mammal      Summ           ####         1%          1    None
 Poisonous Vapours        Pois/Air       ######       1%          2    None
 Slow                     Hex            ######..     1%          2    None
 Sublimation of Blood     Necr           ######....   1%          2    None
 Throw Frost              Conj/Ice       ######       1%          2    None
 Inner Flame              Hex/Fire       ######..     1%          3    None
 Ozocubu's Armour         Chrm/Ice       ######..     1%          3    None
 Portal Projectile        Hex/Tloc       ######       1%          3    None
 Recall                   Summ/Tloc      N/A          1%          3    None
 Cause Fear               Hex            ######....   1%          4    None
 Leda's Liquefaction      Hex/Erth       ######....   1%          4    None
 Aura of Abjuration       Summ           ######....   1%          5    #......
 Blade Hands              Tmut           ######....   1%          5    #......
 Dispel Undead            Necr           ######..     1%          5    #......
 Iskenderun's Battlesphe  Conj/Chrm      ######..     1%          5    #......
 Summon Demon             Summ           ######....   1%          5    #......
 Summon Forest            Summ/Tloc      ######....   1%          5    #......
 Summon Mana Viper        Hex/Summ       ######..     1%          5    #......
 Venom Bolt               Conj/Pois      ######....   1%          5    #......
 Freezing Cloud           Conj/Ice/Air   ######....   9%          6    ####...
 Iron Shot                Conj/Erth      ######....   11%         6    ####...
 Shadow Creatures         Summ           N/A          11%         6    ####...
 Ring of Flames           Chrm/Fire      ######....   41%         7    ######.
 Dragon Form              Tmut           ######....   52%         7    ######.
 Orb of Destruction       Conj           ######....   52%         7    ######.
 Spellforged Servitor     Conj/Summ      ######....   52%         7    ######.


Dungeon Overview and Level Annotations

Branches:
Dungeon (15/15)            Temple (0/1) D:7            Lair (6/6) D:11
 Shoals (0/4) Lair:2        Snake (0/4) Lair:4        Slime (0/5) Lair:5
    Orc (2/2) D:11            Elf (0/3) Orc:2        Vaults (0/5) D:14
  IceCv (visited)         Gauntlet (visited)
 Depths: D:15

Altars:
Ashenzari
Cheibriados
Dithmenos
Fedhas
Gozag
Kikubaaqudgha
Makhleb
Okawaru
Ru
Yredelemnul
Zin
The Shining One
Beogh

Shops:
D:14 *(   D:15 (   Orc:2 %(*}

Portals:
Pandemonium: Orc:2

Annotations:
D:4 Dowan, Duvessa
D:7 exclusion: hydra
D:8 1 runed translucent door, MTVSty1e's ghost, novice DrGl
D:13 2 runed translucent doors (shield of res + dragons)


Innate Abilities, Weirdness & Mutations

Your experience applies equally to all skills.
You have very sharp teeth.
Your uncanny sense of smell can sniff out nearby items.


Message History

The phantasmal warrior closely misses you.
The death knight completely misses you.
You slice the death knight!!
You bite the death knight, but do no damage.
The death knight is almost dead.
The death knight reflects your damage back at you!
* * * LOW HITPOINT WARNING * * *
The phantasmal warrior misses you.
The death knight mumbles some strange prayers to Yredelemnul against you.
Your body is wracked with pain!
* * * LOW HITPOINT WARNING * * *
You slash the death knight!
The death knight is almost dead.
The death knight reflects your damage back at you!
* * * LOW HITPOINT WARNING * * *
The phantasmal warrior hits you!!
* * * LOW HITPOINT WARNING * * *
The death knight hits you but does no damage.
The phantasmal warrior hits you!!
You die...

## #..#.. ......#..# #.......
...#.###(..###..###########
####.###.###.........<...# ##
..(......###.#....##.....# ##.
.#.......#......#.##.....# #..
.# ###..#.#.#..#$
#.....######+. ... .......#...
#............. ...#
#........####............. ..#
#.....#..@pz..............
...#
#....##.W##............... .
####........##.≈.............
#
##≈####..###.##≈≈≈..########..
####≈≈≈####.###.#≈≈≈≈≈## ###
...≈≈≈≈≈.....##.≈ ≈≈≈≈#
##≈≈≈≈≈≈≈###.##≈≈≈ ≈≈
#≈≈≈≈≈≈≈≈≈##..#≈≈≈
≈≈≈≈≈≈≈≈≈≈≈##.#≈≈≈≈


You could see a death knight, a skeletal warrior and a phantasmal warrior.

Vanquished Creatures
  Azrael (D:13)
  A minotaur (Gauntlet)
  Snorg (Orc:2)
  Josephine (D:11)
  A fire dragon (Lair:6)
  Erolcha (Orc:1)
  5 hydras
  Harold (Lair:1)
  5 centaur warriors
  An ogre mage (D:12)
  6 death yaks (Lair:6)
  15 two-headed ogres
  A death scarab (Gauntlet)
  5 orc high priests (Orc:2)
  A tengu warrior (D:13)
  A deep elf knight (D:14)
  A sun demon (Orc:2)
  Sonja (D:13)
  8 skeletal warriors (D:14)
  A fire crab (Lair:6)
  A sixfirhy (Orc:2)
  A gelid demonspawn (Orc:2)
  An unseen horror (D:12)
  An infernal demonspawn (Orc:2)
  A torturous demonspawn (Orc:2)
  A spectral hydra (Gauntlet)
  A swamp dragon (Lair:6)
  7 orc knights
  A phantasmal warrior (D:15)
  15 ugly things
  11 orc sorcerers
  5 deep elf magi (D:14)
  4 cyclopes
  3 manticores
  An elephant (Lair:2)
  3 ice statues (IceCv)
  A moth of wrath (Gauntlet)
  Joseph (Lair:1)
  A merfolk siren (Lair:2)
  3 black mambas
  A rust devil (Gauntlet)
  A smoke demon (Orc:2)
  9 komodo dragons
  14 spiny frogs
  A minotaur zombie (Gauntlet)
  2 kobold demonologists (D:14)
  2 freezing wraiths
  6 rime drakes
  3 yaktaurs (D:14)
  2 efreet
  A tengu conjurer (D:13)
  A queen bee (Lair:2)
  3 meliai (D:13)
  A polar bear (Lair:6)
  9 trolls
  A merfolk (Lair:2)
  27 blink frogs
  6 slime creatures
  14 hippogriffs
  A meliai zombie (D:10)
  6 dream sheep (Lair:6)
  2 redbacks (Gauntlet)
  6 wraiths
  A ynoxinul (Gauntlet)
  A water elemental (D:15)
  3 shadows
  A tarantella (shapeshifter) (D:15)
  A vampire (D:10)
  5 wyverns
  A fire elemental (D:13)
  5 basilisks
  A golden eye (shapeshifter) (D:14)
  2 chaos spawn (Orc:2)
  18 yaks
  A steam dragon (D:11)
  2 vampire mosquitoes (D:14)
  4 wargs
  A two-headed ogre zombie (Orc:1)
  Edmund (D:6)
  3 acid dragons
  3 nagas (Lair:4)
  13 water moccasins
  2 hell hounds (D:13)
  8 porcupines
  2 swamp drakes (Lair:6)
  3 necrophages
  27 orc warriors
  A sky beast (D:9)
  8 ice beasts
  4 phantoms
  2 black bears
  26 ogres
  21 centaurs
  14 wolves
  9 crocodiles
  2 big kobolds (D:11)
  16 bullfrogs
  A wyvern skeleton (D:12)
  3 scorpions
  26 killer bees
  12 wights
  4 electric eels
  2 howler monkeys (D:10)
  6 crimson imps
  A quasit (D:9)
  2 iron imps (Gauntlet)
  9 hounds
  2 bullfrog zombies
  5 jellies
  3 centaur skeletons
  26 orc priests
  2 bullfrog skeletons
  Jessica (D:3)
  5 iguanas
  20 orc wizards
  11 worker ants
  2 hound zombies (D:9)
  3 hound skeletons
  2 howler monkey zombies
  4 gnolls (D:8)
  A worker ant zombie (D:6)
  15 adders
  A river rat (D:11)
  4 shadow imps
  12 white imps (Lair:2)
  4 oozes
  2 adder zombies
  2 adder skeletons
  6 worms
  5 dart slugs
  3 leopard geckos
  80 orcs
  3 giant cockroaches
  8 goblins
  11 hobgoblins
  13 jackals
  18 kobolds
  A quokka (D:3)
  A ball python (D:1)
  7 bats
  14 frilled lizards
  2 jackal skeletons
  A leopard gecko skeleton (D:4)
  A quokka zombie (D:8)
  6 rats
  A bush (D:6)
  4 plants (Lair:4)
830 creatures vanquished.

Vanquished Creatures (collateral kills)
  2 hell hounds (D:13)
  An orc priest (Orc:1)
3 creatures vanquished.

Vanquished Creatures (others)
  A fire elemental (D:13)
  17 fungi
  17 plants (Lair:6)
  2 withered plants (D:8)
37 creatures vanquished.

Grand Total: 870 creatures vanquished

Notes
Turn   | Place    | Note
-------+----------+-------------------------------------------
     0 | D:1      | tilp the Gnoll Skald began the quest for the Orb.
     0 | D:1      | Reached XP level 1. HP: 20/20 MP: 6/6
    72 | D:1      | Reached XP level 2. HP: 23/26 MP: 7/7
    77 | D:1      | Learned a level 2 spell: Song of Slaying
    80 | D:1      | Learned a level 2 spell: Shroud of Golubria
   375 | D:1      | Reached XP level 3. HP: 31/31 MP: 9/9
   386 | D:1      | Reached skill level 5 in Spellcasting
   744 | D:1      | Learned a level 3 spell: Regeneration
   748 | D:1      | Learned a level 3 spell: Spectral Weapon
   781 | D:2      | Found a snail-covered altar of Cheibriados.
   798 | D:2      | Became a worshipper of Cheibriados the Contemplative
   808 | D:2      | Reached skill level 1 in Invocations
  1020 | D:2      | Reached skill level 1 in Short Blades
  1020 | D:2      | Reached skill level 1 in Long Blades
  1020 | D:2      | Reached skill level 1 in Axes
  1020 | D:2      | Reached skill level 1 in Maces & Flails
  1020 | D:2      | Reached skill level 1 in Staves
  1020 | D:2      | Reached skill level 1 in Slings
  1020 | D:2      | Reached skill level 1 in Bows
  1020 | D:2      | Reached skill level 1 in Crossbows
  1020 | D:2      | Reached skill level 1 in Throwing
  1020 | D:2      | Reached skill level 1 in Stealth
  1020 | D:2      | Reached skill level 1 in Shields
  1020 | D:2      | Reached skill level 1 in Unarmed Combat
  1020 | D:2      | Reached skill level 1 in Evocations
  1037 | D:2      | Reached XP level 4. HP: 33/38 MP: 11/11
  1501 | D:2      | Reached * piety under Cheibriados
  1679 | D:2      | Found a burning altar of Makhleb.
  1720 | D:3      | Reached skill level 1 in Conjurations
  1720 | D:3      | Reached skill level 1 in Hexes
  1720 | D:3      | Reached skill level 1 in Summonings
  1720 | D:3      | Reached skill level 1 in Necromancy
  1720 | D:3      | Reached skill level 1 in Translocations
  1720 | D:3      | Reached skill level 1 in Transmutations
  1720 | D:3      | Reached skill level 1 in Fire Magic
  1720 | D:3      | Reached skill level 1 in Ice Magic
  1720 | D:3      | Reached skill level 1 in Air Magic
  1720 | D:3      | Reached skill level 1 in Earth Magic
  1720 | D:3      | Reached skill level 1 in Poison Magic
  1792 | D:3      | Reached XP level 5. HP: 35/43 MP: 3/12
  2243 | D:3      | Noticed Jessica
  2279 | D:3      | Killed Jessica
  2279 | D:3      | Reached XP level 6. HP: 44/50 MP: 13/13
  2337 | D:3      | Found an iron altar of Okawaru.
  2338 | D:3      | Found a shattered altar of Ashenzari.
  2736 | D:4      | Reached ** piety under Cheibriados
  2736 | D:4      | Reached skill level 5 in Fighting
  2736 | D:4      | Reached skill level 5 in Polearms
  2736 | D:4      | Reached skill level 5 in Dodging
  2823 | D:4      | Found an opulent altar of Gozag.
  2897 | D:4      | Reached XP level 7. HP: 56/56 MP: 15/15
  2992 | D:4      | Noticed Duvessa
  2992 | D:4      | Noticed Dowan
  3405 | D:4      | Found a glowing golden altar of the Shining One.
  3528 | D:4      | Found a sacrificial altar of Ru.
  3602 | D:5      | Entered Level 5 of the Dungeon
  3709 | D:5      | Reached XP level 8. HP: 63/63 MP: 16/16
  3872 | D:5      | Reached *** piety under Cheibriados
  4023 | D:5      | Found a glowing silver altar of Zin.
  4023 | D:5      | Noticed an angel
  4280 | D:6      | You fall into a shaft and drop 3 floors!
  4315 | D:9      | Noticed a yak
  4325 | D:9      | Noticed a yak
  4326 | D:9      | Killed a yak
  4327 | D:9      | Noticed a yak
  4336 | D:9      | Killed a yak
  4337 | D:9      | Noticed a yak
  4344 | D:9      | Killed a yak
  4344 | D:9      | Reached XP level 9. HP: 32/69 MP: 1/18
  4785 | D:8      | Noticed MTVSty1e's ghost (novice DrGl)
  4786 | D:8      | Found a runed translucent door.
  4915 | D:8      | Reached **** piety under Cheibriados
  5120 | D:6      | Found a basalt altar of Yredelemnul.
  5155 | D:6      | Found a blossoming altar of Fedhas.
  5189 | D:6      | Reached skill level 5 in Armour
  5199 | D:6      | Noticed Edmund
  5206 | D:6      | Killed Edmund
  5991 | D:6      | Reached skill level 5 in Invocations
  6508 | D:7      | Noticed a six-headed hydra
  6623 | D:7      | Found an ancient bone altar of Kikubaaqudgha.
  6729 | D:7      | Found a shadowy altar of Dithmenos.
  6768 | D:7      | Found a staircase to the Ecumenical Temple.
  6792 | D:7      | Reached XP level 10. HP: 77/77 MP: 20/20
  7669 | D:9      | Noticed a centaur warrior
  7686 | D:9      | Killed a centaur warrior
  7686 | D:9      | Reached skill level 5 in Short Blades
  7686 | D:9      | Reached skill level 5 in Long Blades
  7686 | D:9      | Reached skill level 5 in Axes
  7686 | D:9      | Reached skill level 5 in Maces & Flails
  7686 | D:9      | Reached skill level 5 in Staves
  7686 | D:9      | Reached skill level 5 in Slings
  7686 | D:9      | Reached skill level 5 in Bows
  7686 | D:9      | Reached skill level 5 in Crossbows
  7686 | D:9      | Reached skill level 5 in Throwing
  7686 | D:9      | Reached skill level 5 in Stealth
  7686 | D:9      | Reached skill level 5 in Shields
  7686 | D:9      | Reached skill level 5 in Unarmed Combat
  7686 | D:9      | Reached skill level 5 in Evocations
  7787 | D:9      | Got a pitted turquoise ring
  7789 | D:9      | Found the +0 sword of Power
  7797 | D:9      | Found the +8 demon trident "Rift" {distort, reach+}
  7817 | D:9      | Noticed a centaur warrior
  7824 | D:9      | Killed a centaur warrior
  8113 | D:9      | Noticed a centaur warrior
  8125 | D:9      | Killed a centaur warrior
  8216 | D:9      | Reached XP level 11. HP: 82/84 MP: 20/22
  8428 | D:10     | Entered Level 10 of the Dungeon
  8428 | D:10     | Noticed a two-headed ogre
  8435 | D:10     | Killed a two-headed ogre
  8604 | D:10     | Identified the cursed ring "Yricaex" {*Corrode AC-3 Str+9
                  | Dex+4} (You found it on level 9 of the Dungeon)
  8729 | D:10     | Got a twisted scale mail
  8851 | D:10     | Reached skill level 5 in Conjurations
  8851 | D:10     | Reached skill level 5 in Hexes
  8851 | D:10     | Reached skill level 5 in Summonings
  8851 | D:10     | Reached skill level 5 in Necromancy
  8851 | D:10     | Reached skill level 5 in Translocations
  8851 | D:10     | Reached skill level 5 in Transmutations
  8851 | D:10     | Reached skill level 5 in Fire Magic
  8851 | D:10     | Reached skill level 5 in Ice Magic
  8851 | D:10     | Reached skill level 5 in Air Magic
  8851 | D:10     | Reached skill level 5 in Earth Magic
  8851 | D:10     | Reached skill level 5 in Poison Magic
  8871 | D:10     | Identified the +2 falchion of Eshryb {drain, rPois}
  8910 | D:10     | Noticed a two-headed ogre
  8919 | D:10     | Killed a two-headed ogre
  9156 | D:10     | Reached ***** piety under Cheibriados
  9369 | D:11     | Noticed a cyclops
  9386 | D:11     | Killed a cyclops
  9558 | D:11     | Learned a level 4 spell: Summon Ice Beast
  9563 | D:11     | Learned a level 4 spell: Throw Icicle
  9602 | D:11     | Noticed a green ugly thing
  9615 | D:11     | Killed a green ugly thing
  9721 | D:11     | Noticed Josephine
  9818 | D:11     | Found a staircase to the Lair.
  9829 | D:11     | Killed Josephine
  9832 | D:11     | Reached XP level 12. HP: 63/93 MP: 15/24
 10182 | D:11     | Found a staircase to the Orcish Mines.
 10183 | D:11     | Noticed a two-headed ogre
 10193 | D:11     | Killed a two-headed ogre
 10322 | D:11     | Found a roughly hewn altar of Beogh.
 10329 | D:11     | Identified the +1 scale mail of Vanity {rPois rCorr Dex+2}
                  | (You found it on level 10 of the Dungeon)
 10689 | Lair:1   | Entered Level 1 of the Lair of Beasts
 10693 | Lair:1   | Noticed Harold
 10694 | Lair:1   | Reached ****** piety under Cheibriados
 10696 | Lair:1   | Found a gate leading to a gauntlet.
 10700 | Gauntlet | Entered a Gauntlet
 10700 | Gauntlet | Found a transporter.
 10700 | Gauntlet | Found a transporter.
 10704 | Gauntlet | Found a transporter.
 10704 | Gauntlet | Found a transporter.
 10716 | Gauntlet | Found a transporter.
 10723 | Gauntlet | Found a transporter.
 10724 | Gauntlet | Noticed a death scarab
 10731 | Gauntlet | Found a transporter.
 10733 | Gauntlet | Found a transporter.
 10733 | Gauntlet | Found a transporter.
 10733 | Gauntlet | Noticed a dire elephant
 10736 | Gauntlet | Found the +0 Maxwell's etheric cage {RegenMP+ *Contam rElec
                  | MP+4}
 10763 | Gauntlet | Found a transporter.
 10814 | Gauntlet | Found a transporter.
 10845 | Gauntlet | Found a transporter.
 10893 | Gauntlet | Found a transporter.
 10907 | Gauntlet | Found a transporter.
 11007 | Gauntlet | Found a transporter.
 11025 | Gauntlet | Found a transporter.
 11184 | Gauntlet | Killed a death scarab
 11511 | Gauntlet | Identified the +5 hand crossbow of Absolution {velocity,
                  | +Blink rF+++ Int-2 Dex+3}
 11511 | Gauntlet | Noticed a minotaur
 11528 | Gauntlet | Killed a minotaur
 11952 | Gauntlet | Got a transparent leather armour
 11988 | Lair:1   | Killed Harold
 12248 | Lair:1   | Noticed Joseph
 12254 | Lair:1   | Killed Joseph
 12888 | Lair:2   | Learned a level 3 spell: Conjure Flame
 12892 | Lair:2   | Learned a level 3 spell: Mephitic Cloud
 13006 | Lair:2   | Found a frozen archway.
 13143 | IceCv    | Entered an ice cave
 13148 | IceCv    | Reached XP level 13. HP: 93/101 MP: 23/26
 13165 | IceCv    | Got a coiled amber ring
 13385 | IceCv    | Got a brightly glowing robe
 13963 | Lair:2   | Found a staircase to the Shoals.
 14065 | Lair:2   | Identified the ring "Romatyll" {rPois rC+ Dex+6} (You found
                  | it in an ice cave)
 15839 | Lair:4   | Found a staircase to the Snake Pit.
 16583 | Lair:5   | Reached skill level 10 in Spellcasting
 16646 | Lair:5   | Reached XP level 14. HP: 106/109 MP: 26/28
 16711 | Lair:5   | Found a staircase to the Slime Pits.
 17246 | Lair:6   | Entered Level 6 of the Lair of Beasts
 17528 | Lair:6   | Reached skill level 10 in Fighting
 17528 | Lair:6   | Reached skill level 10 in Polearms
 17528 | Lair:6   | Reached skill level 10 in Dodging
 18001 | Lair:6   | Reached skill level 10 in Invocations
 19291 | Orc:1    | Entered Level 1 of the Orcish Mines
 19605 | Orc:1    | Reached XP level 15. HP: 108/117 MP: 23/29
 19626 | Orc:1    | Noticed Erolcha
 19631 | Orc:1    | Killed Erolcha
 19651 | Orc:1    | Identified Miahev's Papyrus of Unholy Moulding
 19739 | Orc:1    | Reached skill level 10 in Armour
 19977 | Orc:2    | Entered Level 2 of the Orcish Mines
 20096 | Orc:2    | Noticed Snorg
 20260 | Orc:2    | Killed Snorg
 20360 | Orc:2    | Found a staircase to the Elven Halls.
 20511 | Orc:2    | Found Marghor's General Store.
 20518 | Orc:2    | Found Orakh's Food Boutique.
 21206 | Orc:2    | Reached skill level 10 in Charms
 21584 | Orc:2    | Reached skill level 10 in Short Blades
 21584 | Orc:2    | Reached skill level 10 in Long Blades
 21584 | Orc:2    | Reached skill level 10 in Axes
 21584 | Orc:2    | Reached skill level 10 in Maces & Flails
 21584 | Orc:2    | Reached skill level 10 in Staves
 21584 | Orc:2    | Reached skill level 10 in Slings
 21584 | Orc:2    | Reached skill level 10 in Bows
 21584 | Orc:2    | Reached skill level 10 in Crossbows
 21584 | Orc:2    | Reached skill level 10 in Throwing
 21584 | Orc:2    | Reached skill level 10 in Stealth
 21584 | Orc:2    | Reached skill level 10 in Shields
 21584 | Orc:2    | Reached skill level 10 in Unarmed Combat
 21584 | Orc:2    | Reached skill level 10 in Evocations
 21615 | Orc:2    | Paralysed by an orc sorcerer for 4 turns
 21764 | Orc:2    | Found Viofeip's Antique Weapon Emporium.
 21764 | Orc:2    | Found Goop's Gadget Shoppe.
 21764 | Orc:2    | Found a one-way gate leading to the halls of Pandemonium.
 21870 | D:12     | Learned a level 5 spell: Bolt of Magma
 21872 | D:12     | Learned a level 1 spell: Animate Skeleton
 21897 | D:12     | Reached skill level 10 in Ice Magic
 22030 | D:12     | Found a sacrificial altar of Ru.
 22861 | D:13     | Noticed Sonja
 22865 | D:13     | Killed Sonja
 23043 | D:13     | Reached XP level 16. HP: 120/125 MP: 29/31
 23232 | D:13     | Found the +2 shield of Resistance {rF+ rC+ MR+}
 23232 | D:13     | Found a runed translucent door.
 23234 | D:13     | Found a runed translucent door.
 23247 | D:13     | Noticed Azrael
 23262 | D:13     | Killed Azrael
 24013 | D:14     | Found Woibogut's Weapon Boutique.
 24817 | D:14     | Found a gate to the Vaults.
 24951 | D:14     | Found Besm's Bounteous Boutique.
 24964 | D:14     | Bought 3 scrolls of blinking for 247 gold pieces
 25293 | D:15     | Entered Level 15 of the Dungeon
 25631 | D:15     | Found Asozog's Antique Weapon Shop.
 25655 | D:15     | Learned a level 1 spell: Apportation
 25735 | D:15     | Slain by a phantasmal warrior

Levels and vault maps discovered:
D:1:      sevenhm_arrival_forest_fort_large_2, layout_loops_ring,
          minmay_lizard_pond
D:2:      layout_basic, lightli_temple_of_fire, cheibriados_altar_1,
          first_ration, minmay_close_crescents
D:3:      layout_basic, gammafunk_temple_overflow_statue,
          kennysheep_generic_room_8, uniq_jessica
D:4:      layout_loops_cross, kennysheep_little_box, old_standard_altar,
          nicolae_gozag_cash_rules_everything_around_me, uniq_duvessa
D:5:      layout_rooms, zin_angel
D:6:      layout_cave_pools, yredelemnul_altar_generic,
          fedhas_bush_and_centaur_altar, uniq_edmund
D:7:      layout_loops_ring, kiku_gazebo_garden_becter,
          nicolae_overflow_hidden_temple, minmay_temple_entry_fiery,
          grunt_ogre_cave
D:8:      layout_basic, gammafunk_ghost_grave
D:9:      minmay_the_grid_octo_2x2 [minmay_the_grid_octo_fan_narrow,
          minmay_the_grid_octo_77, minmay_the_grid_octo_clover,
          minmay_the_grid_octo_prize_single_spiral], layout_basic
D:10:     layout_small_grid, amethyst_killhole
D:11:     layout_loops_ring, erik_lair_island, minmay_orc_entry_temple_small,
          uniq_josephine
D:12:     layout_loops_cross, hangedman_ru_absence
D:13:     layout_long_grid, minmay_guarded_unrand_resistance, uniq_sonja,
          uniq_azrael
D:14:     layout_cave_pods, hangedman_vaults_entry_quadrant_bands,
          small_statue_alley_a, serial_shops, nicolae_shop_stone,
          nicolae_alphabet_shops
D:15:     gammafunk_depths_entry_grave, layout_basic, glass_columns_c,
          serial_shops, nicolae_shop_stone, uniq_roxanne
Lair:1:   layout_loops_ring, gauntlet_entry_generic,
          infiniplex_staircase_pool_2, uniq_joseph, uniq_harold
Lair:2:   regret_index_tunnel_blossom, layout_chaotic_city,
          elwin_shoals_entry_rooms, portal_ice_cave_entry_imps, ldierk_geyser
Lair:3:   layout_cave_pods
Lair:4:   layout_gridlike, minmay_snake_entry_guardpost_small, serial_rivers,
          chequers_serial_rivers_micro_a, chequers_serial_rivers_small_3,
          chequers_serial_rivers_micro_c, chequers_serial_rivers_marsh,
          wad_woods_road_05
Lair:5:   layout_misc_corridors, nicolae_slime_entry_slimehenge,
          nicolae_quartered_pool_medium
Lair:6:   guppyfry_lair_end_dragon, layout_regular_city, grunt_megastairs_5,
          infiniplex_staircase_pool
Orc:1:    lemuel_ogre_cave, layout_caves
Orc:2:    pf_orc_diabolical, layout_caves, uniq_snorg

Skill      XL: |  1  2  3  4  5  6  7  8  9 10 11 12 13 14 15 16 |
---------------+-------------------------------------------------+-----
Spellcasting   | 5 6 7 8 9 10 11 | 11.7
Invocations    | 1 2 3 4 5 6 7 8 9 10 11 | 11.6
Short Blades   | 1 2 3 4 5 6 7 8 9 10 | 10.7
Long Blades    | 1 2 3 4 5 6 7 8 9 10 | 10.7
Axes           | 1 2 3 4 5 6 7 8 9 10 | 10.7
Maces & Flails | 1 2 3 4 5 6 7 8 9 10 | 10.7
Staves         | 1 2 3 4 5 6 7 8 9 10 | 10.7
Slings         | 1 2 3 4 5 6 7 8 9 10 | 10.7
Bows           | 1 2 3 4 5 6 7 8 9 10 | 10.7
Crossbows      | 1 2 3 4 5 6 7 8 9 10 | 10.7
Throwing       | 1 2 3 4 5 6 7 8 9 10 | 10.7
Stealth        | 1 2 3 4 5 6 7 8 9 10 | 10.7
Shields        | 1 2 3 4 5 6 7 8 9 10 | 10.7
Unarmed Combat | 1 2 3 4 5 6 7 8 9 10 | 10.7
Evocations     | 1 2 3 4 5 6 7 8 9 10 | 10.7
Conjurations   | 1 2 3 4 5 6 7 8 9 |  9.1
Hexes          | 1 2 3 4 5 6 7 8 9 |  9.1
Summonings     | 1 2 3 4 5 6 7 8 9 |  9.1
Necromancy     | 1 2 3 4 5 6 7 8 9 |  9.1
Translocations | 1 2 3 4 5 6 7 8 9 |  9.1
Transmutations | 1 2 3 4 5 6 7 8 9 |  9.1
Fire Magic     | 1 2 3 4 5 6 7 8 9 |  9.1
Ice Magic      | 1 2 3 4 5 6 7 9 10 | 10.9
Air Magic      | 1 2 3 4 5 6 7 8 9 |  9.1
Earth Magic    | 1 2 3 4 5 6 7 8 9 |  9.1
Poison Magic   | 1 2 3 4 5 6 7 8 9 |  9.1
Armour         | 3 4 5 6 7 8 9 10 11 | 11.0
Fighting       | 5 6 7 8 9 10 11 | 11.6
Polearms       | 5 6 7 8 9 10 11 | 11.6
Dodging        | 5 6 7 8 9 10 11 | 11.6
Charms         | 6 7 8 9 10 | 10.6

Action                   |  1- 3 |  4- 6 |  7- 9 | 10-12 | 13-15 | 16-18 || total
-------------------------+-------+-------+-------+-------+-------+-------++-------
Melee: Spear             |   123 |   240 |       |       |       |       ||   363
       Bite              |    11 |    29 |    43 |   121 |   196 |    67 ||   467
       War axe           |       |    11 |   235 |   231 |       |       ||   477
       Great sword       |       |       |       |   220 |   706 |   220 ||  1146
 Fire: Hunting sling     |       |     5 |       |       |       |       ||     5
Throw: Stone             |       |     1 |       |       |       |       ||     1
       Boomerang         |       |       |     9 |     5 |       |       ||    14
       Javelin           |       |       |       |     2 |    95 |     8 ||   105
       Dart              |       |       |       |       |    13 |       ||    13
 Cast: Shroud of Golubri |       |     1 |     1 |       |     2 |       ||     4
       Infusion          |       |     1 |     1 |       |     1 |       ||     3
       Song of Slaying   |       |     1 |       |       |       |       ||     1
       Regeneration      |       |       |     1 |       |     4 |     1 ||     6
       Throw Icicle      |       |       |       |       |    22 |     7 ||    29
       Conjure Flame     |       |       |       |       |     2 |       ||     2
       Mephitic Cloud    |       |       |       |       |     5 |       ||     5
       Bolt of Magma     |       |       |       |       |     4 |     2 ||     6
       Summon Ice Beast  |       |       |       |       |     1 |     1 ||     2
Invok: Slouch            |       |       |     1 |     2 |     3 |     2 ||     8
       Bend Time         |       |       |     1 |       |       |       ||     1
Evoke: Wand              |       |       |       |     5 |     4 |       ||     9
  Use: Scroll            |       |     7 |     5 |    10 |     9 |     4 ||    35
       Potion            |       |       |     1 |     3 |     2 |     2 ||     8
 Stab: Sleeping          |     6 |     2 |    12 |    16 |    21 |     5 ||    62
       Distracted        |       |       |       |       |     7 |       ||     7
       Confused          |       |       |       |       |    10 |       ||    10
  Eat: Chunk             |     1 |     4 |     5 |     9 |    21 |     5 ||    45
       Ration            |       |       |       |     1 |       |       ||     1
Armor: Leather armour    |     8 |    43 |     8 |       |       |       ||    59
       Ring mail         |       |       |    43 |   205 |   263 |    83 ||   594
Dodge: Dodged            |    27 |    82 |   125 |   457 |  1091 |   350 ||  2132
Block: Shield            |    12 |    71 |   106 |   194 |       |       ||   383
       Rpst.: Great sword |       |       |       |    72 |   283 |    77 ||   432
